Login

Trash Pandas vs Riots

Created - April 28, 2024 at 12:22

Goals
1 2 3 T
Trash Pandas 0 0 1 1
Riots 1 1 2 4
Shots
1 2 3 T
Trash Pandas 9 13 12 34
Riots 13 7 15 35

GoalsPenalties
1st period
1. Riots , Anders Lee 20 (Seth Jones 49, Velyki Hospador 52) at 0:41 (PP)
Erik Gudbranson (ABE) for Diving (Minor) at 0:29
Nick Foligno (ABE) for Boarding (Minor) at 7:51
Ryan Strome (ABE) for Tripping (Minor) at 13:34
2nd period
2. Riots , Velyki Hospador 44 (Brandon Hagel 20, Cole Caufield 18) at 8:32
Derek Forbort (RIV) for High sticking (Minor) at 0:30
3rd period
3. Riots , Artturi Lehkonen 30 (Velyki Hospador 53, Brandon Hagel 21) at 5:20 (PP)
4. Riots , Andreas Athanasiou 17 (Seth Jones 50, Jean-Gabriel Pageau 19) at 16:16
5. Trash Pandas , Taylor Hall 19 (Erik Gudbranson 11, Shayne Gostisbehere 30) at 17:22
Tom Wilson (ABE) for Hooking (Minor) at 4:23
Seth Jones (RIV) for Holding (Minor) at 7:23
Brendan Gallagher (RIV) for Fighting (Major) at 11:43
Nick Foligno (ABE) for Fighting (Major) at 11:43
Nick Foligno (ABE) for instigated a fight (Game Misconduct) at 11:43
Goalie Stats
Casey DeSmith (ABE), 31 saves from 35 shots - (0.886), L, 10-9-1, 60:00 minutes
Marc-Andre Fleury (RIV), 33 saves from 34 shots - (0.971), W, 40-20-8, 60:00 minutes
3 StarsOfficial
1 - Velyki Hospador (RIV)
2 - Marc-Andre Fleury (RIV)
3 - Brandon Hagel (RIV)
Referees : Unknown
Linesman : Unknown
Game Note
Nick Foligno beats up Brendan Gallagher at 11:43 of 3rd period
Nick Foligno (ABE) for instigated a fight (Game Misconduct) at 11:43
Nick Foligno ejected from game at 11:43 of 3rd period
Finance
Level 1 -- Attendance: 4192 (69.87%) -- Ticket Income $419,200
Level 2 -- Attendance: 3493 (69.86%) -- Ticket Income $209,580
Level 3 -- Attendance: 1484 (74.20%) -- Ticket Income $51,940
Level 4 -- Attendance: 2951 (73.78%) -- Ticket Income $73,775
Luxury Box -- Attendance: 922 (92.20%) -- Ticket Income $184,400
Game was played at the The Breadbasket.
Total Attendance: 13042 (72.46%)
Total Ticket Income: $938,895
Other Income: $375,558
Total Income: $1,314,453



Team Name Goals Shots Shots Attemp Shots Blocked PIM HIT PP PK FO%
Trash Pandas 13477925240 / 2 (0%)268%
Riots 43566139372 / 5 (40%)032%

Trash Pandas
Player Name POS G A P +/- PIM HIT SHT SB MP PP MP PP SHT PK MP PK SHT FO% FOT
Anze KopitarC000-1007019:532:2824:14166% 29
Ben ChiarotD0000023324:252:2803:4700% 0
Christian DvorakC/LW000-1004017:370:0003:33050% 2
Connor MurphyD0000020124:252:2803:4700% 0
Erik GudbransonD011-1241121:051:3013:1100% 0
Erik JohnsonD0000013217:360:0003:1500% 0
Jonathan ToewsC0001002016:301:3000:00069% 16
Kevin BahlD0000010214:210:0000:0000% 0
Morgan GeekieC/RW000000206:410:0000:0000% 1
Nick BoninoC000-100001:200:0000:0000% 0
Nick FolignoC/LW/RW00001931012:420:0000:0000% 0
Raccoon WillieRW000-1041022:202:2800:0000% 1
Ryan O'ReillyC0000000010:020:0003:21073% 15
Ryan StromeC000-1201014:160:0000:13085% 20
Sean KuralyLW000-1013018:302:2802:51233% 3
Shayne GostisbehereD011-1002018:071:3000:1200% 0
Taylor HallLW/RW1011002016:301:3000:0000% 1
Tom WilsonRW0001262016:291:3000:0000% 0
Riots
Player Name POS G A P +/- PIM HIT SHT SB MP PP MP PP SHT PK MP PK SHT FO% FOT
Anders LeeLW1010012017:463:4010:0000% 1
Andreas AthanasiouC/LW/RW1010002114:390:4400:0000% 0
Arber XhekajD000000017:190:4400:0000% 0
Artturi LehkonenLW/RW1010034019:403:4812:2810% 1
Brandon HagelLW0221013018:492:3301:301100% 1
Brayden McNabbD0001061115:410:0002:0000% 0
Brendan GallagherRW000052106:080:0000:0000% 0
Cole CaufieldRW0111001017:202:3410:0000% 1
Derek ForbortD0000250416:010:0000:4500% 0
Jakob ChychrunD0000011218:073:1810:5200% 0
Jean-Gabriel PageauC0110042119:213:0412:22028% 25
Kirby DachC0000004014:080:4400:00029% 14
Lars EllerC/LW000000007:440:5300:00038% 8
Max PaciorettyLW0000052014:120:1700:0000% 0
Noah DobsonD0001002218:323:4821:3700% 0
Rasmus RistolainenD0000021119:433:4811:5800% 0
Seth JonesD0220213024:352:3400:4400% 0
Velyki HospadorC/LW1231066026:143:0111:36035% 37

Trash Pandas

5 vs 5 Forward
Line #Left WingCenterRight WingPHYDFOFWanted %Time %Time Play
1Sean KuralyAnze KopitarRaccoon Willie1133027%13:11
2Taylor HallJonathan ToewsTom Wilson1132831%15:00
3Christian DvorakRyan StromeNick Foligno1132629%14:04
4Raccoon WillieRyan O'ReillyMorgan Geekie1131614%6:41
5 vs 5 Defense
Line #DefenseDefensePHYDFOFWanted %Time %Time Play
1Connor MurphyBen Chiarot1223027%13:25
2Erik GudbransonShayne Gostisbehere1222834%16:25
3Kevin BahlErik Johnson1222629%14:21
4Connor MurphyBen Chiarot1221610%4:45
Power Play Forward
Line #Left WingCenterRight WingPHYDFOFWanted %Time %Time Play
1Sean KuralyAnze KopitarRaccoon Willie1135562%2:28
2Taylor HallJonathan ToewsTom Wilson1134538%1:30
Power Play Defense
Line #DefenseDefensePHYDFOFWanted %Time %Time Play
1Connor MurphyBen Chiarot1135562%2:28
2Erik GudbransonShayne Gostisbehere1134538%1:30
Penalty Kill 4 Players Forward
Line #CenterWingPHYDFOFWanted %Time %Time Play
1Anze KopitarChristian Dvorak1315560%4:15
2Ryan O'ReillySean Kuraly1314540%2:51
Penalty Kill 4 Players Defense
Line #DefenseDefensePHYDFOFWanted %Time %Time Play
1Connor MurphyBen Chiarot1315553%3:47
2Erik GudbransonErik Johnson1314547%3:19
Penalty Kill 3 Players
Line #WingPHYDFOFWanted %Time %Time PlayDefenseDefensePHYDFOFWanted %Time %Time Play
1Ryan O'Reilly131550%0:00 Connor MurphyBen Chiarot122550%0:00
2Anze Kopitar122450%0:00 Erik GudbransonErik Johnson122450%0:00
4 vs 4 Forward
Line #CenterWingPHYDFOFWanted %Time %Time Play
1Raccoon WillieAnze Kopitar122550%0:00
2Sean KuralyTaylor Hall122450%0:00
4 vs 4 Defense
Line #DefensePHYDFOFWanted %Time %Time Play
1Connor MurphyBen Chiarot122550%0:00
2Erik GudbransonErik Johnson122450%0:00
Last Minutes Offensive
Left WingCenterRight WingDefenseDefense
Sean KuralyAnze KopitarRaccoon WillieConnor MurphyBen Chiarot
Last Minutes Defensive
Left WingCenterRight WingDefenseDefense
Sean KuralyAnze KopitarRaccoon WillieConnor MurphyBen Chiarot
Time
Total ForwardTotal DefenseLast Minutes OffensiveLast Minutes Defensive
60:00 60:00 0:000:00
Extra Forwards
Normal PowerPlayPenalty Kill
Nick Bonino, Ryan Strome, Ryan O'ReillyNick Bonino, Ryan StromeRyan O'Reilly
Extra Defensemen
Normal PowerPlayPenalty Kill
Kevin Bahl, Shayne Gostisbehere, Erik GudbransonKevin Bahl, Shayne GostisbehereErik Gudbranson
Penalty Shots
Raccoon Willie, Anze Kopitar, Sean Kuraly, Taylor Hall, Jonathan Toews
Goalie
Casey DeSmith, Tristan Jarry
Custom OT Lines Forwards
Raccoon Willie, Anze Kopitar, Sean Kuraly, Taylor Hall, Jonathan Toews, Tom Wilson, Ryan Strome, Ryan O'Reilly, Christian Dvorak, Nick Bonino
Custom OT Lines Defensemen
Connor Murphy, Ben Chiarot, Erik Gudbranson, Erik Johnson, Kevin Bahl
Scratches
Nico Sturm (Healthy), Tanner Pearson (Sore Left Knee Injury), Carson Soucy (Healthy)

Riots

5 vs 5 Forward
Line #Left WingCenterRight WingPHYDFOFWanted %Time %Time Play
1Brandon HagelVelyki HospadorCole Caufield1223030%14:46
2Anders LeeKirby DachArtturi Lehkonen1222827%13:24
3Max PaciorettyJean-Gabriel PageauAndreas Athanasiou1222628%13:55
4Velyki HospadorLars EllerBrendan Gallagher1221614%6:51
5 vs 5 Defense
Line #DefenseDefensePHYDFOFWanted %Time %Time Play
1Derek ForbortSeth Jones1223031%15:17
2Rasmus RistolainenJakob Chychrun1222829%13:57
3Brayden McNabbNoah Dobson1222628%13:41
4Arber XhekajSeth Jones1221612%6:01
Power Play Forward
Line #Left WingCenterRight WingPHYDFOFWanted %Time %Time Play
1Anders LeeVelyki HospadorCole Caufield1225552%3:40
2Brandon HagelVelyki HospadorArtturi Lehkonen1224548%3:26
Power Play Defense
Line #DefenseDefensePHYDFOFWanted %Time %Time Play
1Seth JonesJakob Chychrun1225546%3:18
2Noah DobsonRasmus Ristolainen1224554%3:48
Penalty Kill 4 Players Forward
Line #CenterWingPHYDFOFWanted %Time %Time Play
1Jean-Gabriel PageauArtturi Lehkonen1225562%2:28
2Velyki HospadorBrandon Hagel1224538%1:30
Penalty Kill 4 Players Defense
Line #DefenseDefensePHYDFOFWanted %Time %Time Play
1Derek ForbortBrayden McNabb1225550%2:00
2Seth JonesRasmus Ristolainen1224550%1:58
Penalty Kill 3 Players
Line #WingPHYDFOFWanted %Time %Time PlayDefenseDefensePHYDFOFWanted %Time %Time Play
1Jean-Gabriel Pageau122550%0:00 Derek ForbortBrayden McNabb122550%0:00
2Lars Eller122450%0:00 Seth JonesJakob Chychrun122450%0:00
4 vs 4 Forward
Line #CenterWingPHYDFOFWanted %Time %Time Play
1Velyki HospadorArtturi Lehkonen122550%0:00
2Cole CaufieldBrandon Hagel122450%0:00
4 vs 4 Defense
Line #DefensePHYDFOFWanted %Time %Time Play
1Jakob ChychrunNoah Dobson122550%0:00
2Seth JonesRasmus Ristolainen122450%0:00
Last Minutes Offensive
Left WingCenterRight WingDefenseDefense
Artturi LehkonenVelyki HospadorCole CaufieldSeth JonesJakob Chychrun
Last Minutes Defensive
Left WingCenterRight WingDefenseDefense
Brandon HagelJean-Gabriel PageauAndreas AthanasiouDerek ForbortRasmus Ristolainen
Time
Total ForwardTotal DefenseLast Minutes OffensiveLast Minutes Defensive
60:00 60:00 0:000:00
Extra Forwards
Normal PowerPlayPenalty Kill
Jean-Gabriel Pageau, Anders Lee, Max PaciorettyJean-Gabriel Pageau, Artturi LehkonenArtturi Lehkonen
Extra Defensemen
Normal PowerPlayPenalty Kill
Arber Xhekaj, Noah Dobson, Brayden McNabbArber Xhekaj, Noah DobsonJakob Chychrun
Penalty Shots
Velyki Hospador, Artturi Lehkonen, Cole Caufield, Brandon Hagel, Jean-Gabriel Pageau
Goalie
Marc-Andre Fleury, Kevin Lankinen
Custom OT Lines Forwards
Velyki Hospador, Artturi Lehkonen, Cole Caufield, Brandon Hagel, Anders Lee, Jean-Gabriel Pageau, Max Pacioretty, Andreas Athanasiou, Brendan Gallagher, Lars Eller
Custom OT Lines Defensemen
Derek Forbort, Rasmus Ristolainen, Seth Jones, Jakob Chychrun, Brayden McNabb
Scratches
Rasmus Kupari (Healthy), Jakob Silfverberg (Healthy), Kyle Capobianco (Healthy)


Play-by-Play

1st period


0:01 of 1st period - Anze Kopitar wins face-off versus Velyki Hospador in neutral zone.
0:04 of 1st period - Velyki Hospador is hit by Raccoon Willie.
0:07 of 1st period - Seth Jones is hit by Ben Chiarot and loses puck.
0:16 of 1st period - Shot by Brandon Hagel.
0:16 of 1st period - Shot Misses the Net.
0:18 of 1st period - Shot by Seth Jones.
0:18 of 1st period - Stopped by Casey DeSmith without a rebound.
0:19 of 1st period - Jonathan Toews wins face-off versus Kirby Dach in Trash Pandas zone.
0:29 of 1st period - Minor Penalty to Erik Gudbranson for Diving.
0:30 of 1st period - Anze Kopitar wins face-off versus Velyki Hospador in Trash Pandas zone.
0:39 of 1st period - Shot by Seth Jones.
0:39 of 1st period - Deflect By Anders Lee.
0:39 of 1st period - Shot Misses the Net.
0:41 of 1st period - Shot by Anders Lee.
0:41 of 1st period - Goal by Anders Lee - Trash Pandas : 0 - Riots : 1.
0:42 of 1st period - Ryan Strome wins face-off versus Jean-Gabriel Pageau in neutral zone.
1:51 of 1st period - Shot by Seth Jones.
1:51 of 1st period - Stopped by Casey DeSmith without a rebound.
1:52 of 1st period - Ryan O'Reilly wins face-off versus Kirby Dach in Trash Pandas zone.
2:15 of 1st period - Off-side.
2:16 of 1st period - Velyki Hospador wins face-off versus Jonathan Toews in neutral zone.
2:32 of 1st period - Icing by Brandon Hagel.
2:33 of 1st period - Velyki Hospador wins face-off versus Sean Kuraly in Riots zone.
2:38 of 1st period - Shot by Velyki Hospador.
2:38 of 1st period - Shot Misses the Net.
2:40 of 1st period - Shot by Velyki Hospador.
2:40 of 1st period - Shot Blocked by Ben Chiarot.
2:44 of 1st period - Shot by Velyki Hospador.
2:44 of 1st period - Shot Misses the Net.
2:48 of 1st period - Shot by Cole Caufield.
2:48 of 1st period - Shot Blocked by Ben Chiarot.
2:50 of 1st period - Shot by Brandon Hagel.
2:50 of 1st period - Stopped by Casey DeSmith without a rebound.
2:51 of 1st period - Jonathan Toews wins face-off versus Kirby Dach in Trash Pandas zone.
3:05 of 1st period - Shot by Jonathan Toews.
3:05 of 1st period - Shot Misses the Net.
3:07 of 1st period - Shot by Shayne Gostisbehere.
3:07 of 1st period - Stopped by Marc-Andre Fleury without a rebound.
3:08 of 1st period - Anze Kopitar wins face-off versus Jean-Gabriel Pageau in Riots zone.
4:20 of 1st period - Icing by Seth Jones.
4:21 of 1st period - Ryan Strome wins face-off versus Velyki Hospador in Riots zone.
4:22 of 1st period - Shot by Christian Dvorak.
4:22 of 1st period - Stopped by Marc-Andre Fleury without a rebound.
4:23 of 1st period - Kirby Dach wins face-off versus Ryan Strome in Riots zone.
4:23 of 1st period - Jakob Chychrun is hit by Nick Foligno and loses puck.
4:32 of 1st period - Shot by Christian Dvorak.
4:32 of 1st period - Stopped by Marc-Andre Fleury without a rebound.
4:33 of 1st period - Jonathan Toews wins face-off versus Lars Eller in Riots zone.
4:36 of 1st period - Shot by Taylor Hall.
4:36 of 1st period - Shot Hit the Post.
4:39 of 1st period - Icing by Seth Jones.
4:40 of 1st period - Lars Eller wins face-off versus Ryan O'Reilly in Riots zone.
4:42 of 1st period - Icing by Seth Jones.
4:43 of 1st period - Lars Eller wins face-off versus Morgan Geekie in Riots zone.
4:43 of 1st period - Lars Eller is hit by Raccoon Willie.
5:00 of 1st period - Off-side.
5:01 of 1st period - Ryan Strome wins face-off versus Kirby Dach in neutral zone.
5:04 of 1st period - Shot by Christian Dvorak.
5:04 of 1st period - Stopped by Marc-Andre Fleury without a rebound.
5:05 of 1st period - Ryan Strome wins face-off versus Kirby Dach in Riots zone.
5:28 of 1st period - Shot by Nick Foligno.
5:28 of 1st period - Shot Misses the Net.
5:30 of 1st period - Shot by Christian Dvorak.
5:30 of 1st period - Shot Misses the Net.
5:40 of 1st period - Shot by Christian Dvorak.
5:40 of 1st period - Shot Misses the Net.
5:42 of 1st period - Shot by Erik Johnson.
5:42 of 1st period - Stopped by Marc-Andre Fleury without a rebound.
5:43 of 1st period - Sean Kuraly wins face-off versus Velyki Hospador in Riots zone.
5:52 of 1st period - Shot by Anze Kopitar.
5:52 of 1st period - Shot Misses the Net.
6:40 of 1st period - Shot by Jonathan Toews.
6:40 of 1st period - Shot Misses the Net.
6:42 of 1st period - Shot by Erik Gudbranson.
6:42 of 1st period - Shot Blocked by Derek Forbort.
7:09 of 1st period - Shot by Jonathan Toews.
7:09 of 1st period - Shot Blocked by Derek Forbort.
7:25 of 1st period - Shot by Christian Dvorak.
7:25 of 1st period - Shot Misses the Net.
7:51 of 1st period - Minor Penalty to Nick Foligno for Boarding.
7:52 of 1st period - Anze Kopitar wins face-off versus Jean-Gabriel Pageau in Trash Pandas zone.
8:05 of 1st period - Shot by Artturi Lehkonen.
8:05 of 1st period - Shot Misses the Net.
8:07 of 1st period - Shot by Artturi Lehkonen.
8:07 of 1st period - Shot Misses the Net.
8:11 of 1st period - Shot by Jean-Gabriel Pageau.
8:11 of 1st period - Shot Misses the Net.
8:13 of 1st period - Shot by Jean-Gabriel Pageau.
8:13 of 1st period - Stopped by Casey DeSmith without a rebound.
8:14 of 1st period - Ryan O'Reilly wins face-off versus Jean-Gabriel Pageau in Trash Pandas zone.
8:23 of 1st period - Shot by Rasmus Ristolainen.
8:23 of 1st period - Shot Blocked by Erik Gudbranson.
8:25 of 1st period - Shot by Rasmus Ristolainen.
8:25 of 1st period - Shot Misses the Net.
8:28 of 1st period - Jean-Gabriel Pageau is hit by Erik Johnson and loses puck.
9:25 of 1st period - Shot by Andreas Athanasiou.
9:25 of 1st period - Shot Misses the Net.
9:54 of 1st period - Jean-Gabriel Pageau is hit by Tom Wilson and loses puck.
10:06 of 1st period - Andreas Athanasiou is hit by Erik Gudbranson and loses puck.
10:14 of 1st period - Shot by Jean-Gabriel Pageau.
10:14 of 1st period - Stopped by Casey DeSmith with a rebound.
10:17 of 1st period - Jean-Gabriel Pageau is hit by Erik Gudbranson and loses puck.
10:48 of 1st period - Shot by Velyki Hospador.
10:48 of 1st period - Shot Misses the Net.
11:24 of 1st period - Shot by Artturi Lehkonen.
11:24 of 1st period - Stopped by Casey DeSmith without a rebound.
11:25 of 1st period - Anze Kopitar wins face-off versus Kirby Dach in Trash Pandas zone.
11:42 of 1st period - Shot by Kirby Dach.
11:42 of 1st period - Stopped by Casey DeSmith without a rebound.
11:43 of 1st period - Velyki Hospador wins face-off versus Ryan Strome in Trash Pandas zone.
11:56 of 1st period - Shot by Velyki Hospador.
11:56 of 1st period - Deflect By Brandon Hagel.
11:56 of 1st period - Stopped by Casey DeSmith without a rebound.
11:57 of 1st period - Ryan O'Reilly wins face-off versus Jean-Gabriel Pageau in Trash Pandas zone.
11:57 of 1st period - Ryan O'Reilly is hit by Max Pacioretty.
12:25 of 1st period - Shot by Andreas Athanasiou.
12:25 of 1st period - Shot Misses the Net.
12:56 of 1st period - Shot by Anders Lee.
12:56 of 1st period - Shot Misses the Net.
12:58 of 1st period - Shot by Brayden McNabb.
12:58 of 1st period - Stopped by Casey DeSmith without a rebound.
12:59 of 1st period - Ryan Strome wins face-off versus Lars Eller in Trash Pandas zone.
12:59 of 1st period - Ryan Strome is hit by Brendan Gallagher.
13:05 of 1st period - Christian Dvorak is hit by Brendan Gallagher and loses puck.
13:10 of 1st period - Shot by Jakob Chychrun.
13:10 of 1st period - Shot Blocked by Erik Johnson.
13:12 of 1st period - Shot by Lars Eller.
13:12 of 1st period - Shot Misses the Net.
13:14 of 1st period - Shot by Lars Eller.
13:14 of 1st period - Shot Misses the Net.
13:34 of 1st period - Minor Penalty to Ryan Strome for Tripping.
13:35 of 1st period - Velyki Hospador wins face-off versus Anze Kopitar in Trash Pandas zone.
13:38 of 1st period - Shot by Anders Lee.
13:38 of 1st period - Deflect By Velyki Hospador.
13:38 of 1st period - Stopped by Casey DeSmith without a rebound.
13:39 of 1st period - Anze Kopitar wins face-off versus Velyki Hospador in Trash Pandas zone.
13:39 of 1st period - Anze Kopitar is hit by Velyki Hospador.
13:49 of 1st period - Shot by Anze Kopitar.
13:49 of 1st period - Stopped by Marc-Andre Fleury with a rebound.
14:51 of 1st period - Icing by Artturi Lehkonen.
14:52 of 1st period - Ryan O'Reilly wins face-off versus Jean-Gabriel Pageau in Riots zone.
15:09 of 1st period - Shot by Sean Kuraly.
15:09 of 1st period - Stopped by Marc-Andre Fleury with a rebound.
15:11 of 1st period - Shot by Sean Kuraly.
15:11 of 1st period - Deflect By Ryan O'Reilly.
15:11 of 1st period - Shot Misses the Net.
15:13 of 1st period - Shot by Sean Kuraly.
15:13 of 1st period - Shot Blocked by Rasmus Ristolainen.
15:17 of 1st period - Shot by Sean Kuraly.
15:17 of 1st period - Stopped by Marc-Andre Fleury without a rebound.
15:18 of 1st period - Christian Dvorak wins face-off versus Velyki Hospador in Riots zone.
15:18 of 1st period - Anze Kopitar is hit by Seth Jones and loses puck.
15:53 of 1st period - Shot by Jonathan Toews.
15:53 of 1st period - Shot Blocked by Arber Xhekaj.
16:06 of 1st period - Shot by Seth Jones.
16:06 of 1st period - Stopped by Casey DeSmith without a rebound.
16:07 of 1st period - Kirby Dach wins face-off versus Anze Kopitar in Trash Pandas zone.
16:37 of 1st period - Noah Dobson is hit by Raccoon Willie and loses puck.
16:56 of 1st period - Shot by Christian Dvorak.
16:56 of 1st period - Shot Misses the Net.
16:58 of 1st period - Shot by Nick Foligno.
16:58 of 1st period - Stopped by Marc-Andre Fleury without a rebound.
16:59 of 1st period - Jonathan Toews wins face-off versus Jean-Gabriel Pageau in Riots zone.
17:29 of 1st period - Taylor Hall is hit by Jean-Gabriel Pageau.
17:56 of 1st period - Off-side.
17:57 of 1st period - Ryan O'Reilly wins face-off versus Velyki Hospador in neutral zone.
19:14 of 1st period - Shot by Kirby Dach.
19:14 of 1st period - Stopped by Casey DeSmith without a rebound.
19:15 of 1st period - Jonathan Toews wins face-off versus Jean-Gabriel Pageau in Trash Pandas zone.
19:15 of 1st period - Jonathan Toews is hit by Jean-Gabriel Pageau.
19:18 of 1st period - Taylor Hall is hit by Max Pacioretty.
19:19 of 1st period - Off-side.
19:20 of 1st period - Kirby Dach wins face-off versus Jonathan Toews in neutral zone.
19:23 of 1st period - Kevin Bahl is hit by Artturi Lehkonen.
19:30 of 1st period - Off-side.
19:31 of 1st period - Anze Kopitar wins face-off versus Jean-Gabriel Pageau in neutral zone.
19:38 of 1st period - Andreas Athanasiou is hit by Connor Murphy and loses puck.
19:41 of 1st period - Shot by Brayden McNabb.
19:41 of 1st period - Shot Blocked by Ben Chiarot.
Goals for this period are 0 for Trash Pandas vs 1 for Riots.
Shots for this period are 9 for Trash Pandas vs 13 for Riots.

2nd period


0:01 of 2nd period - Anze Kopitar wins face-off versus Kirby Dach in neutral zone.
0:19 of 2nd period - Shot by Anze Kopitar.
0:19 of 2nd period - Stopped by Marc-Andre Fleury without a rebound.
0:20 of 2nd period - Ryan Strome wins face-off versus Velyki Hospador in Riots zone.
0:30 of 2nd period - Minor Penalty to Derek Forbort for High sticking.
0:31 of 2nd period - Jean-Gabriel Pageau wins face-off versus Anze Kopitar in Riots zone.
0:37 of 2nd period - Icing by Anze Kopitar.
0:38 of 2nd period - Jean-Gabriel Pageau wins face-off versus Anze Kopitar in Trash Pandas zone.
1:05 of 2nd period - Shot by Connor Murphy.
1:05 of 2nd period - Shot Misses the Net.
1:07 of 2nd period - Shot by Ben Chiarot.
1:07 of 2nd period - Shot Misses the Net.
1:26 of 2nd period - Off-side.
1:27 of 2nd period - Jonathan Toews wins face-off versus Velyki Hospador in neutral zone.
1:44 of 2nd period - Shot by Shayne Gostisbehere.
1:44 of 2nd period - Shot Misses the Net.
1:50 of 2nd period - Shot by Shayne Gostisbehere.
1:50 of 2nd period - Shot Misses the Net.
3:31 of 2nd period - Shot by Morgan Geekie.
3:31 of 2nd period - Stopped by Marc-Andre Fleury without a rebound.
3:32 of 2nd period - Anze Kopitar wins face-off versus Kirby Dach in Riots zone.
3:35 of 2nd period - Shot by Raccoon Willie.
3:35 of 2nd period - Shot Misses the Net.
3:56 of 2nd period - Raccoon Willie is hit by Anders Lee and loses puck.
4:42 of 2nd period - Shot by Taylor Hall.
4:42 of 2nd period - Stopped by Marc-Andre Fleury with a rebound.
5:05 of 2nd period - Andreas Athanasiou is hit by Connor Murphy and loses puck.
5:33 of 2nd period - Ryan Strome is hit by Brayden McNabb and loses puck.
5:39 of 2nd period - Christian Dvorak is hit by Brayden McNabb.
6:00 of 2nd period - Icing by Kevin Bahl.
6:01 of 2nd period - Ryan Strome wins face-off versus Velyki Hospador in Trash Pandas zone.
6:16 of 2nd period - Shot by Velyki Hospador.
6:16 of 2nd period - Shot Misses the Net.
7:40 of 2nd period - Icing by Erik Gudbranson.
7:41 of 2nd period - Lars Eller wins face-off versus Anze Kopitar in Trash Pandas zone.
7:48 of 2nd period - Shot by Velyki Hospador.
7:48 of 2nd period - Stopped by Casey DeSmith with a rebound.
7:50 of 2nd period - Shot by Velyki Hospador.
7:50 of 2nd period - Stopped by Casey DeSmith with a rebound.
7:52 of 2nd period - Shot by Velyki Hospador.
7:52 of 2nd period - Deflect By Brendan Gallagher.
7:52 of 2nd period - Stopped by Casey DeSmith with a rebound.
8:07 of 2nd period - Icing by Anze Kopitar.
8:08 of 2nd period - Anze Kopitar wins face-off versus Velyki Hospador in Trash Pandas zone.
8:08 of 2nd period - Anze Kopitar is hit by Velyki Hospador.
8:32 of 2nd period - Shot by Velyki Hospador.
8:32 of 2nd period - Goal by Velyki Hospador - Trash Pandas : 0 - Riots : 2.
8:33 of 2nd period - Kirby Dach wins face-off versus Jonathan Toews in neutral zone.
8:36 of 2nd period - Taylor Hall is hit by Artturi Lehkonen and loses puck.
8:47 of 2nd period - Shot by Anders Lee.
8:47 of 2nd period - Shot Blocked by Connor Murphy.
8:49 of 2nd period - Shot by Rasmus Ristolainen.
8:49 of 2nd period - Shot Misses the Net.
8:51 of 2nd period - Shot by Rasmus Ristolainen.
8:51 of 2nd period - Shot Misses the Net.
9:15 of 2nd period - Shot by Artturi Lehkonen.
9:15 of 2nd period - Stopped by Casey DeSmith without a rebound.
9:16 of 2nd period - Ryan Strome wins face-off versus Jean-Gabriel Pageau in Trash Pandas zone.
9:31 of 2nd period - Shot by Andreas Athanasiou.
9:31 of 2nd period - Shot Misses the Net.
9:35 of 2nd period - Shot by Max Pacioretty.
9:35 of 2nd period - Stopped by Casey DeSmith without a rebound.
9:36 of 2nd period - Ryan O'Reilly wins face-off versus Velyki Hospador in Trash Pandas zone.
9:36 of 2nd period - Morgan Geekie is hit by Brandon Hagel.
9:37 of 2nd period - Icing by Morgan Geekie.
9:38 of 2nd period - Velyki Hospador wins face-off versus Ryan O'Reilly in Trash Pandas zone.
10:40 of 2nd period - Taylor Hall is hit by Jean-Gabriel Pageau and loses puck.
10:53 of 2nd period - Shayne Gostisbehere is hit by Max Pacioretty and loses puck.
11:42 of 2nd period - Icing by Erik Gudbranson.
11:43 of 2nd period - Jonathan Toews wins face-off versus Velyki Hospador in Trash Pandas zone.
11:43 of 2nd period - Jonathan Toews is hit by Velyki Hospador.
12:57 of 2nd period - Noah Dobson is hit by Sean Kuraly and loses puck.
13:18 of 2nd period - Shot by Anze Kopitar.
13:18 of 2nd period - Stopped by Marc-Andre Fleury with a rebound.
13:24 of 2nd period - Shot by Anze Kopitar.
13:24 of 2nd period - Stopped by Marc-Andre Fleury without a rebound.
13:25 of 2nd period - Ryan O'Reilly wins face-off versus Jean-Gabriel Pageau in Riots zone.
13:30 of 2nd period - Shot by Morgan Geekie.
13:30 of 2nd period - Stopped by Marc-Andre Fleury without a rebound.
13:31 of 2nd period - Ryan O'Reilly wins face-off versus Velyki Hospador in Riots zone.
13:59 of 2nd period - Shot by Velyki Hospador.
13:59 of 2nd period - Shot Misses the Net.
14:48 of 2nd period - Shot by Jonathan Toews.
14:48 of 2nd period - Shot Blocked by Andreas Athanasiou.
14:58 of 2nd period - Shot by Jonathan Toews.
14:58 of 2nd period - Shot Blocked by Jean-Gabriel Pageau.
15:00 of 2nd period - Shot by Ben Chiarot.
15:00 of 2nd period - Stopped by Marc-Andre Fleury with a rebound.
15:08 of 2nd period - Shot by Tom Wilson.
15:08 of 2nd period - Stopped by Marc-Andre Fleury without a rebound.
15:09 of 2nd period - Ryan Strome wins face-off versus Kirby Dach in Riots zone.
15:42 of 2nd period - Ryan Strome is hit by Brayden McNabb and loses puck.
15:45 of 2nd period - Shot by Erik Johnson.
15:45 of 2nd period - Stopped by Marc-Andre Fleury with a rebound.
15:47 of 2nd period - Shot by Kevin Bahl.
15:47 of 2nd period - Shot Misses the Net.
16:11 of 2nd period - Tom Wilson is hit by Brayden McNabb.
16:48 of 2nd period - Shot by Anze Kopitar.
16:48 of 2nd period - Stopped by Marc-Andre Fleury without a rebound.
16:49 of 2nd period - Ryan Strome wins face-off versus Velyki Hospador in Riots zone.
16:49 of 2nd period - Ryan Strome is hit by Derek Forbort.
16:51 of 2nd period - Shot by Christian Dvorak.
16:51 of 2nd period - Stopped by Marc-Andre Fleury with a rebound.
16:54 of 2nd period - Icing by Seth Jones.
16:55 of 2nd period - Velyki Hospador wins face-off versus Anze Kopitar in Riots zone.
16:55 of 2nd period - Velyki Hospador is hit by Raccoon Willie.
17:13 of 2nd period - Anze Kopitar is hit by Derek Forbort and loses puck.
17:24 of 2nd period - Shot by Brandon Hagel.
17:24 of 2nd period - Shot Blocked by Kevin Bahl.
17:26 of 2nd period - Shot by Derek Forbort.
17:26 of 2nd period - Shot Blocked by Kevin Bahl.
17:28 of 2nd period - Shot by Velyki Hospador.
17:28 of 2nd period - Stopped by Casey DeSmith without a rebound.
17:29 of 2nd period - Jean-Gabriel Pageau wins face-off versus Taylor Hall in Trash Pandas zone.
17:38 of 2nd period - Jean-Gabriel Pageau is hit by Tom Wilson and loses puck.
17:47 of 2nd period - Shot by Taylor Hall.
17:47 of 2nd period - Shot Misses the Net.
17:49 of 2nd period - Shot by Jonathan Toews.
17:49 of 2nd period - Shot Misses the Net.
17:51 of 2nd period - Shot by Tom Wilson.
17:51 of 2nd period - Stopped by Marc-Andre Fleury without a rebound.
17:52 of 2nd period - Ryan Strome wins face-off versus Lars Eller in Riots zone.
18:07 of 2nd period - Seth Jones is hit by Nick Foligno and loses puck.
18:18 of 2nd period - Shot by Ryan Strome.
18:18 of 2nd period - Stopped by Marc-Andre Fleury without a rebound.
18:19 of 2nd period - Jean-Gabriel Pageau wins face-off versus Jonathan Toews in Riots zone.
18:19 of 2nd period - Jean-Gabriel Pageau is hit by Tom Wilson.
18:27 of 2nd period - Ben Chiarot is hit by Max Pacioretty and loses puck.
18:34 of 2nd period - Shot by Taylor Hall.
18:34 of 2nd period - Shot Misses the Net.
18:41 of 2nd period - Andreas Athanasiou is hit by Tom Wilson and loses puck.
Goals for this period are 0 for Trash Pandas vs 1 for Riots.
Shots for this period are 13 for Trash Pandas vs 7 for Riots.

3rd period


0:01 of 3rd period - Velyki Hospador wins face-off versus Anze Kopitar in neutral zone.
0:27 of 3rd period - Velyki Hospador is hit by Ben Chiarot and loses puck.
1:37 of 3rd period - Brayden McNabb is hit by Tom Wilson.
1:39 of 3rd period - Shot by Kirby Dach.
1:39 of 3rd period - Stopped by Casey DeSmith without a rebound.
1:40 of 3rd period - Ryan Strome wins face-off versus Jean-Gabriel Pageau in Trash Pandas zone.
1:50 of 3rd period - Christian Dvorak is hit by Jean-Gabriel Pageau and loses puck.
2:13 of 3rd period - Shot by Andreas Athanasiou.
2:13 of 3rd period - Stopped by Casey DeSmith without a rebound.
2:14 of 3rd period - Ryan O'Reilly wins face-off versus Lars Eller in Trash Pandas zone.
2:14 of 3rd period - Ryan O'Reilly is hit by Velyki Hospador.
2:20 of 3rd period - Shot by Ryan O'Reilly.
2:20 of 3rd period - Shot Hit the Post.
2:22 of 3rd period - Shot by Ben Chiarot.
2:22 of 3rd period - Stopped by Marc-Andre Fleury without a rebound.
2:23 of 3rd period - Anze Kopitar wins face-off versus Artturi Lehkonen in Riots zone.
2:41 of 3rd period - Off-side.
2:42 of 3rd period - Jonathan Toews wins face-off versus Velyki Hospador in neutral zone.
2:47 of 3rd period - Shot by Connor Murphy.
2:47 of 3rd period - Shot Misses the Net.
2:49 of 3rd period - Shot by Taylor Hall.
2:49 of 3rd period - Deflect By Jonathan Toews.
2:49 of 3rd period - Stopped by Marc-Andre Fleury without a rebound.
2:50 of 3rd period - Anze Kopitar wins face-off versus Velyki Hospador in Riots zone.
3:21 of 3rd period - Shot by Raccoon Willie.
3:21 of 3rd period - Shot Misses the Net.
3:32 of 3rd period - Raccoon Willie is hit by Derek Forbort and loses puck.
3:52 of 3rd period - Shayne Gostisbehere is hit by Jakob Chychrun and loses puck.
4:03 of 3rd period - Shot by Kirby Dach.
4:03 of 3rd period - Deflect By Anders Lee.
4:03 of 3rd period - Stopped by Casey DeSmith with a rebound.
4:23 of 3rd period - Minor Penalty to Tom Wilson for Hooking.
4:24 of 3rd period - Anze Kopitar wins face-off versus Velyki Hospador in Trash Pandas zone.
4:34 of 3rd period - Off-side.
4:35 of 3rd period - Velyki Hospador wins face-off versus Anze Kopitar in neutral zone.
5:04 of 3rd period - Shot by Jakob Chychrun.
5:04 of 3rd period - Stopped by Casey DeSmith without a rebound.
5:05 of 3rd period - Ryan O'Reilly wins face-off versus Jean-Gabriel Pageau in Trash Pandas zone.
5:18 of 3rd period - Shot by Noah Dobson.
5:18 of 3rd period - Stopped by Casey DeSmith without a rebound.
5:19 of 3rd period - Brandon Hagel wins face-off versus Ryan O'Reilly in Trash Pandas zone.
5:20 of 3rd period - Shot by Velyki Hospador.
5:20 of 3rd period - Deflect By Artturi Lehkonen.
5:20 of 3rd period - Goal by Artturi Lehkonen - Trash Pandas : 0 - Riots : 3.
5:21 of 3rd period - Ryan O'Reilly wins face-off versus Jean-Gabriel Pageau in neutral zone.
6:14 of 3rd period - Shot by Jonathan Toews.
6:14 of 3rd period - Shot Misses the Net.
6:18 of 3rd period - Shot by Tom Wilson.
6:18 of 3rd period - Shot Blocked by Noah Dobson.
6:20 of 3rd period - Shot by Tom Wilson.
6:20 of 3rd period - Shot Blocked by Brayden McNabb.
6:22 of 3rd period - Shot by Erik Johnson.
6:22 of 3rd period - Shot Misses the Net.
6:24 of 3rd period - Shot by Jonathan Toews.
6:24 of 3rd period - Stopped by Marc-Andre Fleury with a rebound.
6:32 of 3rd period - Shot by Taylor Hall.
6:32 of 3rd period - Deflect By Jonathan Toews.
6:32 of 3rd period - Shot Misses the Net.
6:36 of 3rd period - Shot by Jonathan Toews.
6:36 of 3rd period - Shot Blocked by Noah Dobson.
6:38 of 3rd period - Shot by Kevin Bahl.
6:38 of 3rd period - Shot Misses the Net.
6:40 of 3rd period - Shot by Erik Johnson.
6:40 of 3rd period - Stopped by Marc-Andre Fleury without a rebound.
6:41 of 3rd period - Ryan Strome wins face-off versus Velyki Hospador in Riots zone.
6:42 of 3rd period - Shot by Shayne Gostisbehere.
6:42 of 3rd period - Stopped by Marc-Andre Fleury without a rebound.
6:43 of 3rd period - Ryan Strome wins face-off versus Velyki Hospador in Riots zone.
6:45 of 3rd period - Christian Dvorak is hit by Derek Forbort and loses puck.
7:23 of 3rd period - Minor Penalty to Seth Jones for Holding.
7:24 of 3rd period - Anze Kopitar wins face-off versus Jean-Gabriel Pageau in Riots zone.
7:39 of 3rd period - Shot by Ben Chiarot.
7:39 of 3rd period - Shot Blocked by Jakob Chychrun.
7:41 of 3rd period - Shot by Anze Kopitar.
7:41 of 3rd period - Stopped by Marc-Andre Fleury with a rebound.
8:00 of 3rd period - Raccoon Willie is hit by Rasmus Ristolainen and loses puck.
8:24 of 3rd period - Off-side.
8:25 of 3rd period - Jonathan Toews wins face-off versus Velyki Hospador in neutral zone.
8:30 of 3rd period - Shot by Tom Wilson.
8:30 of 3rd period - Shot Misses the Net.
8:32 of 3rd period - Shot by Erik Gudbranson.
8:32 of 3rd period - Stopped by Marc-Andre Fleury without a rebound.
8:33 of 3rd period - Jonathan Toews wins face-off versus Velyki Hospador in Riots zone.
8:48 of 3rd period - Shot by Brandon Hagel.
8:48 of 3rd period - Stopped by Casey DeSmith without a rebound.
8:49 of 3rd period - Velyki Hospador wins face-off versus Sean Kuraly in Trash Pandas zone.
8:54 of 3rd period - Shot by Artturi Lehkonen.
8:54 of 3rd period - Stopped by Casey DeSmith without a rebound.
8:55 of 3rd period - Anze Kopitar wins face-off versus Jean-Gabriel Pageau in Trash Pandas zone.
9:00 of 3rd period - Shot by Anze Kopitar.
9:00 of 3rd period - Stopped by Marc-Andre Fleury without a rebound.
9:01 of 3rd period - Velyki Hospador wins face-off versus Anze Kopitar in Riots zone.
9:45 of 3rd period - Off-side.
9:46 of 3rd period - Ryan Strome wins face-off versus Cole Caufield in neutral zone.
9:58 of 3rd period - Cole Caufield is hit by Nick Foligno.
10:09 of 3rd period - Cole Caufield is hit by Erik Gudbranson and loses puck.
10:22 of 3rd period - Velyki Hospador is hit by Erik Gudbranson and loses puck.
10:29 of 3rd period - Shot by Velyki Hospador.
10:29 of 3rd period - Stopped by Casey DeSmith without a rebound.
10:30 of 3rd period - Anze Kopitar wins face-off versus Kirby Dach in Trash Pandas zone.
10:30 of 3rd period - Anze Kopitar is hit by Artturi Lehkonen.
11:05 of 3rd period - Off-side.
11:06 of 3rd period - Jonathan Toews wins face-off versus Jean-Gabriel Pageau in neutral zone.
11:06 of 3rd period - Tom Wilson is hit by Max Pacioretty and loses puck.
11:21 of 3rd period - Shot by Max Pacioretty.
11:21 of 3rd period - Stopped by Casey DeSmith without a rebound.
11:22 of 3rd period - Ryan Strome wins face-off versus Lars Eller in Trash Pandas zone.
11:31 of 3rd period - Erik Gudbranson is hit by Velyki Hospador and loses puck.
11:43 of 3rd period - Nick Foligno beats up Brendan Gallagher.
11:43 of 3rd period - Penalty to Brendan Gallagher for Fighting.
11:43 of 3rd period - Penalty to Nick Foligno for Fighting.
11:43 of 3rd period - Penalty to Nick Foligno for instigated a fight.
11:43 of 3rd period - Nick Foligno is ejected from game.
11:44 of 3rd period - Velyki Hospador wins face-off versus Anze Kopitar in Trash Pandas zone.
12:03 of 3rd period - Shot by Cole Caufield.
12:03 of 3rd period - Stopped by Casey DeSmith with a rebound.
12:05 of 3rd period - Shot by Velyki Hospador.
12:05 of 3rd period - Shot Misses the Net.
12:07 of 3rd period - Shot by Jakob Chychrun.
12:07 of 3rd period - Shot Misses the Net.
12:40 of 3rd period - Shot by Noah Dobson.
12:40 of 3rd period - Stopped by Casey DeSmith without a rebound.
12:41 of 3rd period - Velyki Hospador wins face-off versus Christian Dvorak in Trash Pandas zone.
12:50 of 3rd period - Shot by Brandon Hagel.
12:50 of 3rd period - Shot Blocked by Erik Johnson.
12:52 of 3rd period - Shot by Brandon Hagel.
12:52 of 3rd period - Shot Misses the Net.
12:54 of 3rd period - Shot by Rasmus Ristolainen.
12:54 of 3rd period - Stopped by Casey DeSmith without a rebound.
12:55 of 3rd period - Jean-Gabriel Pageau wins face-off versus Ryan O'Reilly in Trash Pandas zone.
14:31 of 3rd period - Jean-Gabriel Pageau is hit by Kevin Bahl and loses puck.
15:10 of 3rd period - Shot by Ryan O'Reilly.
15:10 of 3rd period - Shot Blocked by Jakob Chychrun.
15:12 of 3rd period - Shot by Ben Chiarot.
15:12 of 3rd period - Stopped by Marc-Andre Fleury with a rebound.
15:54 of 3rd period - Icing by Velyki Hospador.
15:55 of 3rd period - Anze Kopitar wins face-off versus Velyki Hospador in Riots zone.
16:00 of 3rd period - Shot by Raccoon Willie.
16:00 of 3rd period - Stopped by Marc-Andre Fleury without a rebound.
16:01 of 3rd period - Jean-Gabriel Pageau wins face-off versus Ryan Strome in Riots zone.
16:16 of 3rd period - Shot by Andreas Athanasiou.
16:16 of 3rd period - Goal by Andreas Athanasiou - Trash Pandas : 0 - Riots : 4.
16:17 of 3rd period - Velyki Hospador wins face-off versus Raccoon Willie in neutral zone.
16:43 of 3rd period - Shot by Sean Kuraly.
16:43 of 3rd period - Stopped by Marc-Andre Fleury without a rebound.
16:44 of 3rd period - Jean-Gabriel Pageau wins face-off versus Jonathan Toews in Riots zone.
17:00 of 3rd period - Jean-Gabriel Pageau is hit by Tom Wilson and loses puck.
17:14 of 3rd period - Shot by Taylor Hall.
17:14 of 3rd period - Shot Misses the Net.
17:16 of 3rd period - Shot by Shayne Gostisbehere.
17:16 of 3rd period - Shot Blocked by Derek Forbort.
17:22 of 3rd period - Shot by Taylor Hall.
17:22 of 3rd period - Goal by Taylor Hall - Trash Pandas : 1 - Riots : 4.
17:23 of 3rd period - Anze Kopitar wins face-off versus Anders Lee in neutral zone.
17:27 of 3rd period - Raccoon Willie is hit by Rasmus Ristolainen and loses puck.
17:58 of 3rd period - Shot by Kirby Dach.
17:58 of 3rd period - Stopped by Casey DeSmith without a rebound.
17:59 of 3rd period - Ryan Strome wins face-off versus Velyki Hospador in Trash Pandas zone.
17:59 of 3rd period - Ryan Strome is hit by Velyki Hospador.
18:07 of 3rd period - Shot by Christian Dvorak.
18:07 of 3rd period - Shot Misses the Net.
18:12 of 3rd period - Nick Bonino is hit by Brayden McNabb and loses puck.
18:16 of 3rd period - Nick Bonino is hit by Brayden McNabb and loses puck.
18:59 of 3rd period - Erik Gudbranson is hit by Derek Forbort and loses puck.
19:22 of 3rd period - Shot by Tom Wilson.
19:22 of 3rd period - Shot Blocked by Derek Forbort.
19:29 of 3rd period - Icing by Seth Jones.
19:30 of 3rd period - Anze Kopitar wins face-off versus Jean-Gabriel Pageau in Riots zone.
19:53 of 3rd period - Shot by Raccoon Willie.
19:53 of 3rd period - Deflect By Anze Kopitar.
19:53 of 3rd period - Shot Misses the Net.
Goals for this period are 1 for Trash Pandas vs 2 for Riots.
Shots for this period are 12 for Trash Pandas vs 15 for Riots.